 Dungeon Crawl Stone Soup version 0.30-a0-860-g512cf1e979 (webtiles) character file.

Game seed: 5236063725675417158

71 Monkooky the Trooper (level 4, 0/33 HPs)
             Began as a Human Wanderer on Mar 7, 2023.
             Slain by a gnoll
             ... wielding a +0 spear
              (7 damage)
             ... on level 3 of the Dungeon.
             The game lasted 00:02:07 (1320 turns).

Monkooky the Trooper (Human Wanderer)               Turns: 1320, Time: 00:02:08

Health: 0/33       AC:  6    Str: 10    XL:     4   Next: 47%
Magic:  7/7        EV: 10    Int: 16    God:
Gold:   131        SH:  0    Dex: 13    Spells: 4/7 levels left

rFire   . . .      SeeInvis .    a - +2 short sword
rCold   + . .      Faith    .    (no shield)
rNeg    . . .      Spirit   .    f - +0 ring mail
rPois   .          Reflect  .    (no helmet)
rElec   .          Rampage  .    (no cloak)
rCorr   .                        b - +0 pair of gloves
Will    .....                    (no boots)
Stlth   +                        (no amulet)
HPRegen 0.25/turn                g - ring of protection from cold
MPRegen 0.10/turn                (no ring)

@: no status effects
A: no striking features
a: no special abilities


You were on level 3 of the Dungeon.
You visited 1 branch of the dungeon, and saw 3 of its levels.

You collected 131 gold pieces.

Inventory:

Hand Weapons
 a - a +2 short sword (weapon)
Armour
 b - a +0 pair of gloves (worn)
 d - a +0 robe
 f - a +0 ring mail (worn)
Jewellery
 g - a ring of protection from cold (left hand)
Scrolls
 j - a scroll of amnesia {unknown}
 l - 2 scrolls of fog
 m - a scroll of summoning
 n - a scroll of teleportation {unknown}
 o - a scroll of brand weapon {unknown}
 p - a scroll of immolation {unknown}
 q - a scroll of enchant armour {unknown}
 r - a scroll of identify
Potions
 c - 2 potions of lignification
 e - a potion of attraction {unknown}
 h - a potion of curing {unknown}
 i - a potion of flight {unknown}
 k - a potion of mutation {unknown}


   Skills:
 - Level 2.2 Fighting
 - Level 2.0 Short Blades
 - Level 1.0 Throwing
 - Level 1.0 Dodging
 - Level 2.0 Stealth
 - Level 2.0 Spellcasting
 + Level 1.8 Conjurations
 - Level 1.0 Transmutations
 + Level 2.2 Earth Magic


You had 4 spell levels left.
You knew the following spells:

 Your Spells              Type           Power      Damage    Failure   Level
a - Stone Arrow           Conj/Erth      16%        3d8       56%         3

Your spell library contained the following spells:

 Spells                   Type           Power      Damage    Failure   Level
 Passwall                 Tmut/Erth      5%         N/A       38%         2
 Wereblood                Tmut           4%         N/A       47%         2
 Animate Armour           Summ/Erth      10%        N/A       98%         4
 Lehudib's Crystal Spear  Conj/Erth      4%         10d3      100%        8


Dungeon Overview and Level Annotations

Branches:
Dungeon (3/15)

Altars:


Message History

You hit the gnoll.
The gnoll is lightly wounded.
The gnoll hits you but does no damage. The gnoll barely misses you.
You barely miss the gnoll.
The gnoll is lightly wounded.
The gnoll hits you with a +0 whip. The gnoll barely misses you.
You hit the gnoll but do no damage.
The gnoll is lightly wounded.
The gnoll hits you but does no damage. The gnoll closely misses you.
You barely miss the gnoll.
The gnoll is lightly wounded.
The gnoll closely misses you. The gnoll hits you with a +0 whip.
You hit the gnoll.
The gnoll is heavily wounded.
The gnoll closely misses you. The gnoll barely misses you.
You closely miss the gnoll.
The gnoll is heavily wounded.
The gnoll hits you with a +0 whip. The gnoll hits you but does no damage.
You barely miss the gnoll.
The gnoll is heavily wounded.
You hit the gnoll but do no damage.
The gnoll is heavily wounded.
The gnoll closely misses you.
The gnoll hits you from afar with a +0 spear.
You hit the gnoll.
The gnoll is severely wounded.
The gnoll barely misses you.
The gnoll hits you from afar with a +0 spear.
You are too injured to fight recklessly!
You are too injured to fight recklessly!
You hit the gnoll.
The gnoll is severely wounded.
The gnoll hits you from afar with a +0 spear.
The gnoll hits you with a +0 whip.
You hit the gnoll.
The gnoll is almost dead.
The gnoll hits you with a +0 whip.
* * * LOW HITPOINT WARNING * * *
The gnoll hits you from afar with a +0 spear!
You die...

..........)...... ##
.................. ..
.................. .
.(...........†...#
#.#.# #.....##.#...#
.#.###.............
.................. #
#.#.#....#####..<#
#.#@#.#....## ..##
#.#g#.......### ....
#####.#g###.........
.##
........###.........
..
.....................
##.#.##.####........#
# #....# #.........
####.. .....#### ....
.......


You could see 2 gnolls.

Vanquished Creatures
  An adder (D:3)
  2 gnolls (D:3)
  3 dart slugs
  4 ball pythons
  A bat (D:1)
  2 endoplasms (D:2)
  2 giant cockroaches (D:1)
  3 goblins
  A hobgoblin (D:1)
  8 kobolds
  4 quokkas
  A frilled lizard (D:3)
  A rat (D:1)
33 creatures vanquished.

Notes
Turn   | Place    | Note
-------+----------+-------------------------------------------
     0 | D:1      | Monkooky the Human Wanderer began the quest for the Orb.
     0 | D:1      | Monkooky set off with the following items: a +2 short
                  | sword, a +0 pair of gloves, a potion of lignification, a +0
                  | robe; and the following spells available to memorise:
                  | Wereblood, Passwall.
     0 | D:1      | Reached XP level 1. HP: 15/15 MP: 3/3
    90 | D:1      | Reached XP level 2. HP: 19/22 MP: 5/5
   257 | D:1      | Reached skill level 1 in Earth Magic
   288 | D:1      | Reached XP level 3. HP: 27/27 MP: 6/6
   342 | D:1      | Learned a level 3 spell: Stone Arrow
   896 | D:2      | Reached skill level 1 in Conjurations
  1275 | D:3      | Reached XP level 4. HP: 33/33 MP: 7/7
  1320 | D:3      | Slain by a gnoll

Illustrated notes

Levels and vault maps discovered:
D:1:      shiori_arrival_maze, layout_rooms
D:2:      layout_loops_cross
D:3:      layout_basic, nrook_uturn

Skill      XL: |  1  2  3  4 |
---------------+-------------+-----
Fighting       | 2 |  2.2
Earth Magic    | 1 2 |  2.2
Conjurations   | 1 |  1.8
Short Blades   | |  2.0
Throwing       | |  1.0
Dodging        | |  1.0
Stealth        | |  2.0
Spellcasting   | |  2.0
Transmutations | |  1.0

Action                     |  1- 3 |  4- 6 || total
---------------------------+-------+-------++-------
  Melee: Short sword       |    94 |    20 ||   114
         Punch             |     1 |       ||     1
  Throw: Dart              |       |     3 ||     3
    Use: Scroll            |     2 |       ||     2
   Stab: Sleeping          |     2 |       ||     2
 Armour: Robe              |     3 |       ||     3
         Ring mail         |    32 |     8 ||    40
  Dodge: Dodged            |    57 |    16 ||    73

Table legend: (Time is in decaauts)
 A = Elapsed time spent in this place.
 B = Non-inter-level travel time spent in this place.
 C = Inter-level travel time spent in this place.
 D = Time resting spent in this place.
 E = Time spent auto-exploring this place.
 F = Levels seen in this place.
 G = Mean time per level.
                   A        B        C        D        E       F      G
               +--------+--------+--------+--------+--------+-----+--------+
         Total |   1307 |   1287 |     20 |      0 |   1032 |   3 |  435.7 |
       Dungeon |   1307 |   1287 |     20 |      0 |   1032 |   3 |  435.7 |
               +--------+--------+--------+--------+--------+-----+--------+

Top non-repeatable levels by time:
     D:2: 621 daAuts
     D:1: 546 daAuts
     D:3: 139 daAuts
